 Dungeon Crawl Stone Soup version 0.29-a0-350-g7790a0e70a (webtiles) character file.

Game seed: 6516665363873010594

116 Hubjo the Firebug (level 4, -2/26 HPs)
             Began as a Deep Elf Fire Elementalist on Apr 21, 2022.
             Killed by divine providence
             ... invoked by an orc priest
              (9 damage)
             ... on level 3 of the Dungeon on Apr 22, 2022.
             The game lasted 00:06:07 (2840 turns).

Hubjo the Firebug (Deep Elf Fire Elementalist)      Turns: 2840, Time: 00:06:08

Health: -2/26      AC:  3    Str:  5    XL:     4   Next: 70%
Magic:  0/20       EV: 13    Int: 20    God:
Gold:   161        SH:  0    Dex: 17    Spells: 9/10 levels left

rFire   . . .      SeeInvis .   k - +0 dagger
rCold   . . .      Faith    .   (no shield)
rNeg    . . .      Spirit   +   a - +1 robe
rPois   +          Reflect  .   (no helmet)
rElec   .          Harm     .   (no cloak)
rCorr   .          Rampage  .   (no gloves)
Will    .....                   (no boots)
Stlth   +++.......              m - amulet of guardian spirit
HPRegen 0.08/turn               t - ring of poison resistance
MPRegen 0.17/turn               v - ring of magical power

@: about to teleport
A: no striking features
a: no special abilities


You were on level 3 of the Dungeon.
You visited 1 branch of the dungeon, and saw 3 of its levels.

You collected 161 gold pieces.

Inventory:

Hand Weapons
 i - a +0 mace of draining
 k - a +0 dagger (weapon)
Armour
 a - a +1 robe (worn)
 u - an orb of light
Jewellery
 g - an amulet of faith
 m - an amulet of guardian spirit (around neck)
 t - a ring of poison resistance (left hand)
 v - a ring of magical power (right hand)
Scrolls
 c - a scroll of enchant armour
 d - a scroll of immolation {unknown}
 e - a scroll of identify
 f - a scroll of torment {unknown}
 h - a scroll of brand weapon {unknown}
 o - a scroll of vulnerability {unknown}
 p - a scroll of enchant weapon {unknown}
 q - a scroll of fear {unknown}
Potions
 b - a potion of magic
 j - a potion of heal wounds {unknown}
 n - a potion of curing {unknown}
 r - a potion of flight {unknown}
 s - a potion of degeneration {unknown}


   Skills:
 * Level 1.6 Fighting
 - Level 2.4 Dodging
 * Level 3.9 Stealth
 + Level 3.7 Spellcasting
 + Level 2.0 Conjurations
 + Level 3.9 Fire Magic


You had 9 spell levels left.
You knew the following spells:

 Your Spells              Type           Power      Damage    Failure   Level
a - Foxfire               Conj/Fire      60%        2x1d7     3%          1

Your spell library contained the following spells:

 Spells                   Type           Power      Damage    Failure   Level
 Scorch                   Fire           38%        2d7       4%          2
 Conjure Flame            Conj/Fire      15%        6-21      12%         3
 Inner Flame              Hex/Fire       11%        N/A       19%         3
 Sublimation of Blood     Necr           3%         N/A       21%         2
 Flame Wave               Conj/Fire      15%        2d6       36%         4
 Petrify                  Tmut/Erth      3%         N/A       78%         4
 Irradiate                Conj/Tmut      3%         3d14      94%         5


Dungeon Overview and Level Annotations

Branches:
Dungeon (3/15)

Altars:


Message History

You hit the orc.
The orc is severely wounded.
The orc closely misses you.
The orc priest hits you but does no damage.
The orc closely misses you.
You hit the orc.
The orc is almost dead.
The orc misses you.
The orc priest hits you but does no damage.
The orc closely misses you.
You hit the orc.
You kill the orc!
The orc closely misses you.
The orc priest mumbles some strange prayers to Beogh against you.
Beogh smites you!
* * * LOW HITPOINT WARNING * * *
You are too injured to fight recklessly!
You are too injured to fight recklessly!
You are too injured to fight recklessly!
You are too injured to fight recklessly!
You are too injured to fight recklessly!
You are too injured to fight recklessly!
You are too injured to fight recklessly!
You are too injured to fight recklessly!
You are too injured to fight recklessly!
You are too injured to fight recklessly!
You are too injured to fight recklessly!
As you read the scroll labelled RACUAT FAKKU, it crumbles to dust.
It is a scroll of identify.
l - a scroll of teleportation The orc hits you but does no damage.
The orc priest closely misses you.
As you read the scroll of teleportation, it crumbles to dust.
You feel strangely unstable. The orc closely misses you.
The orc priest hits you but does no damage.
Casting: Foxfire (safe; 3% risk of failure)
Confirm with . or Enter, or press ? or * to list all spells.
You conjure some foxfire!
The orc hits you with a +0 mace.
The orc priest calls down the wrath of Beogh upon you.
Beogh smites you!
You die...

.... ######?### #...
.......... ###...
.........# .....
.........# ##...
.........# .# #....
.........# ..####.#..
......)ov#####...##.....
#..o@............#...
###v#.............(..
#.#.##.......###...
#....#.............
##.#..#.###....#...
#..#...# ......#..
##.##..##......... #.
#†...........# #.
#..##.......##


You could see an orc priest (ally target) and an orc (ally target).

Vanquished Creatures
  Terence (D:2)
  4 adders
  A worm (D:2)
  3 dart slugs
  3 orcs (D:3)
  5 endoplasms
  4 giant cockroaches
  2 goblins (D:2)
  2 hobgoblins
  4 kobolds
  2 quokkas
  3 ball pythons
  5 bats
  2 frilled lizards
  2 rats
43 creatures vanquished.

Vanquished Creatures (others)
  105 foxfires
105 creatures vanquished.

Grand Total: 148 creatures vanquished

Notes
Turn   | Place    | Note
-------+----------+-------------------------------------------
     0 | D:1      | Hubjo the Deep Elf Fire Elementalist began the quest for
                  | the Orb.
     0 | D:1      | Reached XP level 1. HP: 10/10 MP: 6/6
   321 | D:1      | Reached XP level 2. HP: 16/16 MP: 5/8
  1190 | D:2      | Reached skill level 1 in Fighting
  1190 | D:2      | Reached XP level 3. HP: 20/20 MP: 5/9
  1418 | D:2      | Found a faded altar of an unknown god.
  1781 | D:2      | Upgraded the game from 0.29-a0-344-ge2f44be95a to
                  | 0.29-a0-350-g7790a0e70a
  1884 | D:2      | Noticed Terence
  1893 | D:2      | Killed Terence
  1894 | D:2      | Reached XP level 4. HP: 25/25 MP: 2/11
  2840 | D:3      | Killed from afar by an orc priest

Illustrated notes

Levels and vault maps discovered:
D:1:      scummos_arrival_hexagon, layout_loops_ring, minmay_pentomino_v2
D:2:      layout_basic, shapermc_ecumenical_altar_mp_urbaneastern, uniq_terence
D:3:      layout_rooms

Skill      XL: |  1  2  3  4 |
---------------+-------------+-----
Stealth        | 3 |  3.9
Fighting       | 1 |  1.6
Conjurations   | 2 |  2.0
Dodging        | |  2.4
Spellcasting   | |  3.7
Fire Magic     | |  3.9

Action                   |  1- 3 |  4- 6 || total
-------------------------+-------+-------++-------
Melee: Unarmed           |    11 |       ||    11
       Dagger            |    39 |    30 ||    69
       Punch             |       |     1 ||     1
 Cast: Foxfire           |    59 |    11 ||    70
  Use: Scroll            |     1 |     2 ||     3
 Stab: Sleeping          |       |     3 ||     3
Armor: Robe              |    18 |     8 ||    26
Dodge: Dodged            |    44 |    23 ||    67

Table legend: (Time is in decaauts)
 A = Elapsed time spent in this place.
 B = Non-inter-level travel time spent in this place.
 C = Inter-level travel time spent in this place.
 D = Time resting spent in this place.
 E = Time spent auto-exploring this place.
 F = Levels seen in this place.
 G = Mean time per level.
                   A        B        C        D        E       F      G
               +--------+--------+--------+--------+--------+-----+--------+
         Total |   2837 |   2765 |     72 |      0 |   2186 |   3 |  945.7 |
       Dungeon |   2837 |   2765 |     72 |      0 |   2186 |   3 |  945.7 |
               +--------+--------+--------+--------+--------+-----+--------+

Top non-repeatable levels by time:
     D:2: 1501 daAuts
     D:1: 1029 daAuts
     D:3: 307 daAuts
